 Dungeon Crawl Stone Soup version 0.15.0-2-gd176ec0 (webtiles) character file.

9 zercules the Sneak (level 2, -4/15 HPs)
             Began as a Spriggan Wanderer on Aug 30, 2014.
             Slain by a kobold
             ... wielding a +2 whip of electrocution
              (8 damage)
             ... on Level 3 of the Dungeon.
             The game lasted 00:05:04 (652 turns).

zercules the Sneak (Spriggan Wanderer)               Turns: 652, Time: 00:05:04

HP  -4/15        AC  2     Str  8      XL: 2   Next:  6%
MP   5/5         EV 15     Int 16      God:
Gold 21          SH  0     Dex 13      Spells:  0 memorised,  3 levels left

rFire  . . .     SeeInvis +     a - +2 quarterstaff
rCold  . . .     Clarity  .     d - +0 robe
rNeg   . . .     rCorr    .     (shield restricted)
rPois  .         rRot     .     (helmet restricted)
rElec  .         Spirit   .     (no cloak)
SustAb .         Warding  .     (gloves unavailable)
rMut   .         Stasis   .     (boots unavailable)
Gourm  .                        (no amulet)
MR     .....                    (no ring)
                                h - +1 ring of intelligence

@: very quick, not resistant to hostile enchantments, fairly stealthy
A: unfitting armour, see invisible, herbivore 3, speed 3, slow metabolism 2
a: no special abilities


You were on level 3 of the Dungeon.
You were not hungry.

You visited 1 branch of the dungeon, and saw 3 of its levels.

You collected 21 gold pieces.


Innate Abilities, Weirdness & Mutations

You are tiny and cannot use many weapons and most armour.
You have supernaturally acute eyesight.
You are a herbivore.
You cover ground extremely quickly.
You need consume almost no food.


   Skills:
 + Level 1.8 Fighting
 - Level 1.3 Staves
 - Level 4.4 Stealth
 - Level 1.3 Spellcasting
   Level 1.3 Conjurations
 - Level 1.3 Evocations


You had 3 spell levels left.
You didn't know any spells.

Dungeon Overview and Level Annotations

Branches:
Dungeon (3/15)

Altars:

Inventory:

Hand weapons
 a - a +2 quarterstaff (weapon)
 b - a +0 spear
 e - a +0 dagger
Armour
 d - a +0 robe (worn)
Magical devices
 c - a wand of random effects (15)
 i - a wand of polymorph (10)
Scrolls
 j - 3 scrolls of identify {unknown}
Jewellery
 h - a +1 ring of intelligence (left hand)
Potions
 f - a potion of porridge

#.# ... #.# + #.# ..b
######.### ....
#....o...# .....
#.##.#...#
.......##K#o..##.#
.......S@so.........[....
.......##r#...o..##.....
..... #.##.###.# ###.
.... #.##.# #.# ...
#..... ..# + ####.#####


You could see an adder, 3 orcs, a giant cockroach, a bat (sleeping), a kobold
and a rat.


Message History

You feel sick.
* * * LOW HITPOINT WARNING * * *
You feel sick. The adder bites you.
* * * LOW HITPOINT WARNING * * *
Why would you want to do that?
Unknown command.
Drink which item? (? for menu, Esc to quit)
You feel much better.
It was a potion of heal wounds.
The adder barely misses you.
You feel sick. Why would you want to do that?
You feel sick. The adder barely misses you.
You feel sick.
You are no longer poisoned.
You see here a scroll labeled BRIX DI ZUGI.
j - 3 scrolls labeled BRIX DI ZUGI (gained 1) Why would you want to do that?
Why would you want to do that?
You open the large door.
A rat comes into view.
The adder bites you.
There is a large open door here.
Found 10 gold pieces.
A jackal comes into view.
A jackal comes into view.
Found a stone staircase leading up. 2 jackals come into view.
The jackal barks! x2
You now have 21 gold pieces (gained 10).
Found 18 arrows.
Found a leather armour.
Found a dagger.
You see here a broad axe.
There is an escape hatch in the floor here.
You slide downwards.
The hatch slams shut behind you.
A bat, a giant cockroach and a kobold come into view.
Found a leather armour.
The kobold shouts!
Found 10 gold pieces.
The bat hits you.
An orc comes into view. It is wielding a flail.
The orc shouts!
The bat hits you.
You hit the bat but do no damage. The bat misses you.
The bat hits you but does no damage.
An orc comes into view. It is wielding a whip.
You thump the bat!
You kill the bat!
A rat comes into view.
You barely miss the rat. The rat misses you. The rat misses you.
An orc comes into view. It is wielding a club.
You open the door.
A bat and an adder come into view.
The kobold hits you with a glowing whip.
* * * LOW HITPOINT WARNING * * *
The rat misses you. The giant cockroach closely misses you.
You barely miss the adder. The adder bites you.
* * * LOW HITPOINT WARNING * * *
The giant cockroach misses you. The kobold closely misses you.
The rat closely misses you. The adder misses you.
The giant cockroach barely misses you.
Drink which item? (? for menu, Esc to quit)
Okay, then.
You miss the adder.
The orc shouts!
The adder closely misses you. The rat closely misses you.
The kobold hits you with a glowing whip!
Ouch! That really hurt!
You die...

Action                   || total
-------------------------++-------
Melee: Quarterstaff      ||    17
Evoke: Wand              ||     1
  Use: Potion            ||     1
 Stab: Sleeping          ||     3
       Distracted        ||     1

Vault maps used:
D:1:      elethiomel_arrival_quiet
D:2:      kennysheep_big_empty_room

Notes
Turn   | Place    | Note
--------------------------------------------------------------
     0 | D:1      | zercules, the Spriggan Wanderer, began the quest for the Orb.
     0 | D:1      | Reached XP level 1. HP: 10/10 MP: 3/3
   344 | D:2      | Reached XP level 2. HP: 10/15 MP: 5/5
   509 | D:2      | HP: 3/15 [poisoned by an adder]
   509 | D:2      | HP: 1/15 [adder (2)]
   651 | D:3      | HP: 3/15 [adder (4)]
   652 | D:3      | Slain by a kobold

Vanquished Creatures
  A ball python (D:2)
  A giant cockroach (D:2)
  A hobgoblin (D:1)
  3 kobolds (D:2)
  A quokka (D:2)
  A bat (D:3)
  A goblin (D:1)
9 creatures vanquished.
